 Dungeon Crawl Stone Soup version 0.18-a0-1514-g6ed9364 (webtiles) character file.

4701 pario the Firebug (level 10, -14/70 HPs)
             Began as a Demonspawn Fire Elementalist on Mar 6, 2016.
             Was a Priest of Makhleb.
             Killed by divine providence
             ... invoked by an orc priest
              (17 damage)
             ... on level 1 of the Orcish Mines on Mar 7, 2016.
             The game lasted 02:06:36 (11951 turns).

pario the Firebug (Demonspawn Fire Elementalist)   Turns: 11951, Time: 02:06:37

Health: -14/70     AC: 10    Str: 12    XL:     10   Next: 21%
Magic:  0/19       EV: 14    Int: 16    God:    Makhleb [***...]
Gold:   796        SH:  8    Dex: 14    Spells: 2 memorised, 19 levels left

rFire  + . .     SeeInvis +     i - +3 dagger (venom)
rCold  + + .     Gourm    .     e - +2 robe {rC+ rF+}
rNeg   . . .     Faith    .     a - +0 buckler
rPois  .         Spirit   +     (helmet restricted)
rElec  .         Dismiss  .     A - +2 cloak
rCorr  .         Reflect  +     (no gloves)
SustAt .         Harm     .     (no boots)
MR     .....                    o - +5 amulet of reflection
Stlth  +++.......               Y - ring of see invisible
                                h - ring of stealth

@: not resistant to hostile enchantments, fairly stealthy
A: horns 1, icy blue scales 2, cold resistance 1, magic shield, magic
regeneration, freezing cloud immunity
a: Minor Destruction, Lesser Servant of Makhleb, Renounce Religion


You were on level 1 of the Orcish Mines.
You worshipped Makhleb.
Makhleb was most pleased with you.
You were not hungry.

You visited 3 branches of the dungeon, and saw 11 of its levels.
You also visited: Sewer and Ossuary.

You collected 796 gold pieces.

Inventory:

Hand Weapons
 i - a +3 dagger of venom (weapon)
 H - a +3 falchion
 I - a +1 hand axe of chopping
 O - a +2 short sword of speed
 T - a +3 hand axe
Armour
 a - a +0 buckler (worn)
 e - a +2 robe of resistance (worn)
 w - a +0 large shield
 A - a +2 cloak (worn)
 N - a +0 ring mail
 P - a +1 leather armour of magic resistance
 W - a +2 leather armour of poison resistance
Jewellery
 h - a ring of stealth (left hand)
 o - a +5 amulet of reflection (around neck)
 Y - a ring of see invisible (right hand)
Wands
 u - a wand of polymorph (12/24)
 C - a wand of slowing (18/48)
 X - a wand of acid (8/15)
 Z - a wand of lightning (12/15)
Scrolls
 f - 2 scrolls of fear {unknown}
 g - a scroll of fog
 j - 2 scrolls of immolation {unknown}
 p - 2 scrolls of enchant armour {unknown}
 x - 5 scrolls of remove curse
 y - 4 scrolls of amnesia {unknown}
 z - 2 scrolls of teleportation
 G - 2 scrolls of recharging {unknown}
 M - 2 scrolls of noise {unknown}
 Q - a scroll of enchant weapon {unknown}
 U - a scroll of holy word {unknown}
Potions
 d - 2 potions of haste {unknown}
 k - 6 potions of flight {unknown}
 l - 2 potions of curing
 m - 2 potions of might {unknown}
 q - a potion of cure mutation {unknown}
 v - 2 potions of agility {unknown}
 B - a potion of heal wounds {unknown}
 J - a potion of ambrosia {unknown}
 L - a potion of mutation {unknown}
 R - a potion of degeneration {unknown}
Books
 b - a book of Flames

   Spells                             Type                      Level
   a - Flame Tongue                   Conjuration/Fire             1
   b - Throw Flame                    Conjuration/Fire             2
   c - Conjure Flame                  Conjuration/Fire             3
   d - Inner Flame                    Hexes/Fire                   3
   e - Sticky Flame                   Conjuration/Fire             4
   f - Fireball                       Conjuration/Fire             5
 D - a book of Summonings

   Spells                             Type                      Level
   a - Recall                         Summoning/Translocation      3
   b - Aura of Abjuration             Summoning                    5
   c - Summon Demon                   Summoning                    5
   d - Summon Forest                  Summoning/Translocation      5
   e - Summon Mana Viper              Hexes/Summoning              5
   f - Shadow Creatures               Summoning                    6
 E - a book of Cantrips

   Spells                             Type                      Level
   a - Corona                         Hexes                        1
   b - Animate Skeleton               Necromancy                   1
   c - Summon Small Mammal            Summoning                    1
   d - Apportation                    Translocation                1
 F - a book of Envenomations

   Spells                             Type                      Level
   a - Spider Form                    Transmutation/Poison         3
   b - Olgreb's Toxic Radiance        Poison                       4
   c - Alistair's Intoxication        Transmutation/Poison         5
   d - Poisonous Cloud                Conjuration/Poison/Air       6
Comestibles
 c - 8 bread rations
 n - 4 beef jerkies
 r - 3 meat rations
 s - 2 chunks of flesh
 t - a royal jelly
 K - 9 slices of pizza


   Skills:
 + Level 3.1 Fighting
 * Level 3.7 Short Blades
   Level 0.1 Maces & Flails
 + Level 2.7 Armour
 + Level 6.3 Dodging
 + Level 3.0 Stealth
 + Level 0.6 Shields
 + Level 6.5 Spellcasting
 + Level 6.4 Conjurations
 + Level 6.6 Fire Magic


You had 19 spell levels left.
You knew the following spells:

 Your Spells              Type           Power        Failure   Level  Hunger
a - Flame Tongue          Conj/Fire      ####.        1%          1    None
b - Throw Flame           Conj/Fire      ####..       1%          2    None


Dungeon Overview and Level Annotations

Branches:
Dungeon (9/15)             Temple (1/1) D:6             Orc (1/2) D:9
   Lair: D:8-11

Altars:
Ashenzari
Cheibriados
Dithmenos
Elyvilon
Fedhas
Gozag
Kikubaaqudgha
Makhleb
Nemelex Xobeh
Okawaru
Pakellas
Qazlal
Ru
Sif Muna
Trog
Vehumet
Xom
Yredelemnul
Zin
The Shining One
Beogh

Shops:
D:6 *   D:8 }

Annotations:
Orc:1 Snorg


Innate Abilities, Weirdness & Mutations

You have a pair of small horns on your head.
You are mostly covered in icy blue scales (AC +3, EV -1).
Your flesh is cold resistant.
When hurt, damage is shared between your health and your magic reserves.
You regenerate magic rapidly.
You are immune to freezing clouds.


Message History

The flame tongue hits the orc priest.
The orc priest is almost dead.
The orc warrior barely misses you.
The orc priest calls down the wrath of Beogh upon you.
Beogh smites you!
* * * LOW HITPOINT WARNING * * *
You block the orc priest's attack. The orc closely misses you.
The orc priest calls down the wrath of Beogh upon you.
Beogh smites you!
* * * LOW HITPOINT WARNING * * *
The orc barely misses you.
You kill the orc priest!
Makhleb accepts your kill.
You feel better.
The orc priest invokes the aid of Beogh against you.
Beogh smites you!
* * * LOW HITPOINT WARNING * * *
The orc priest calls down the wrath of Beogh upon you.
Beogh smites you!
You die...

....##.## #............ ........
####...........
.....####..............
#..#.#.............#. o.
.....####....................
$.##....#.#.....##.##....><)..#.
.......$.........###..#....).....
......)....#.....#...............
#..........#.._.@................
..........##.†o....####.#........
.....##..#.#).o....# ####.......
........))oo.o.##.## #.#......
.........#..o.##### #.........
........###.### ##........
.....).o..### ##.......
...#.#.....# #.......
..#........... ..#.#..


You could see 2 orc warriors, 2 orc priests, an orc wizard and an orc.

Vanquished Creatures
  A two-headed ogre (D:9)
  A wyvern (D:8)
  A human (D:8)
  3 orc warriors
  2 black bears
  2 ice beasts
  3 phantoms
  3 centaurs
  3 ogres
  A giant frog (D:6)
  A big kobold (D:7)
  7 killer bees
  2 scorpions
  10 wights
  3 crimson imps
  3 centaur zombies
  5 hounds
  A jelly (D:5)
  A giant frog skeleton (D:5)
  A centaur skeleton (D:7)
  7 orc priests
  5 iguanas
  7 worker ants
  18 orc wizards
  3 big kobold zombies (Ossuary)
  2 mummies (Ossuary)
  3 gnolls (Orc:1)
  9 adders
  A howler monkey skeleton (D:5)
  A shadow imp (D:6)
  2 oozes
  2 adder skeletons (D:6)
  5 worms
  3 dart slugs
  5 giant geckos
  49 orcs
  2 ball pythons (Sewer)
  7 bats
  10 giant cockroaches
  5 goblins
  10 hobgoblins
  24 jackals
  9 kobolds
  5 quokkas
  A giant gecko skeleton (D:4)
  6 giant newts
  A goblin zombie (Ossuary)
  9 hobgoblin zombies (Ossuary)
  2 jackal skeletons (D:5)
  4 jackal zombies (Ossuary)
  12 kobold zombies (Ossuary)
  7 orc zombies (Ossuary)
  2 quokka skeletons
  9 rats
  A spectral orc (D:7)
302 creatures vanquished.

Vanquished Creatures (others)
  A giant cockroach (D:6)
  A fungus (D:7)
2 creatures vanquished.

Grand Total: 304 creatures vanquished

Notes
Turn   | Place    | Note
--------------------------------------------------------------
     0 | D:1      | pario the Demonspawn Fire Elementalist began the quest for the Orb.
     0 | D:1      | Reached XP level 1. HP: 13/13 MP: 3/3
   324 | D:1      | Gained mutation: Your flesh is cold resistant. [demonic ancestry]
   324 | D:1      | Reached XP level 2. HP: 19/19 MP: 3/5
   910 | D:2      | Gained mutation: You are immune to freezing clouds. [demonic ancestry]
   910 | D:2      | Reached XP level 3. HP: 25/25 MP: 3/6
  1122 | D:2      | Found a stormy altar of Qazlal.
  1122 | D:2      | Noticed an earth elemental
  1122 | D:2      | Noticed a fire elemental
  1122 | D:2      | Noticed a water elemental
  1122 | D:2      | Noticed an air elemental
  1421 | D:2      | Gained mutation: You are partially covered in icy blue scales (AC +1). [demonic ancestry]
  1421 | D:2      | Reached XP level 4. HP: 31/31 MP: 1/7
  2307 | D:3      | Found a shimmering altar of Xom.
  2523 | D:4      | Found a glowing drain.
  2584 | Sewer    | Entered a sewer
  2649 | Sewer    | Noticed css's ghost (amateur SpAs)
  2652 | Sewer    | Noticed a giant frog
  2941 | D:4      | Reached skill level 1 in Fighting
  2941 | D:4      | Reached XP level 5. HP: 34/37 MP: 7/9
  3306 | D:4      | Gained mutation: You are mostly covered in icy blue scales (AC +3, EV -1). [demonic ancestry]
  3306 | D:4      | Reached XP level 6. HP: 26/43 MP: 10/10
  3526 | D:4      | Reached skill level 1 in Armour
  3987 | D:4      | Found a shadowy altar of Dithmenos.
  3992 | D:4      | Found a blossoming altar of Fedhas.
  4201 | D:5      | Entered Level 5 of the Dungeon
  4461 | D:5      | Found a sand-covered staircase.
  4467 | Ossuary  | Entered an ossuary
  4734 | Ossuary  | Reached skill level 1 in Short Blades
  4734 | Ossuary  | Gained mutation: When hurt, damage is shared between your health and your magic reserves. [demonic ancestry]
  4734 | Ossuary  | Reached XP level 7. HP: 44/49 MP: 5/11
  5464 | D:5      | Learned a level 2 spell: Throw Flame
  5981 | D:5      | Found a burning altar of Makhleb.
  6097 | D:6      | Gained mutation: You regenerate magic rapidly. [demonic ancestry]
  6097 | D:6      | Reached XP level 8. HP: 28/56 MP: 2/14
  6557 | D:6      | Found a staircase to the Ecumenical Temple.
  6566 | Temple   | Entered the Ecumenical Temple
  6735 | D:5      | Became a worshipper of Makhleb the Destroyer
  6950 | D:6      | Reached skill level 5 in Fire Magic
  7074 | D:6      | Found Lecwatec's General Store.
  7643 | D:7      | Reached * piety under Makhleb
  8216 | D:7      | Reached skill level 5 in Dodging
  8252 | D:7      | Found a sacrificial altar of Ru.
  8282 | D:7      | Found a basalt altar of Yredelemnul.
  8466 | D:7      | Reached XP level 9. HP: 62/62 MP: 4/16
  8505 | D:7      | Reached skill level 5 in Spellcasting
  8579 | D:7      | Reached ** piety under Makhleb
  8606 | D:7      | Reached skill level 5 in Conjurations
  8621 | D:7      | Found a deep blue altar of Sif Muna.
  8682 | D:7      | Found a white marble altar of Elyvilon.
  9008 | D:7      | Found an iron altar of Okawaru.
  9242 | D:8      | Found an oddly glowing altar of Pakellas.
  9242 | D:8      | Found Pakellas's Prime Provisions.
  9342 | D:8      | Found a sparkling altar of Nemelex Xobeh.
  9879 | D:8      | Reached *** piety under Makhleb
 10680 | D:8      | Found a radiant altar of Vehumet.
 11108 | D:9      | Found a staircase to the Orcish Mines.
 11254 | D:9      | Gained mutation: You have a pair of small horns on your head. [demonic ancestry]
 11254 | D:9      | Reached XP level 10. HP: 69/69 MP: 16/19
 11403 | D:9      | Found an ancient bone altar of Kikubaaqudgha.
 11778 | Orc:1    | Entered Level 1 of the Orcish Mines
 11836 | Orc:1    | Noticed Snorg
 11854 | Orc:1    | Found a roughly hewn altar of Beogh.
 11914 | Orc:1    | Reached **** piety under Makhleb
 11951 | Orc:1    | HP: 3/70 [orc priest/divine providence (9)]
 11951 | Orc:1    | Killed from afar by an orc priest

Vault maps used:
D:1:      saegor_arrival_simple_e
D:2:      nicolae_qazlal_style_of_elements, bh_walls_and_bars
D:3:      nicolae_overflow_crystal_walls, first_bread
D:4:      minitemple, portal_sewer_entry_f
D:5:      makhleb_grotto_becter, nicolae_ossuary_entry_ruins,
          minmay_misc_feat_columns, hex_tiny
D:6:      lemuel_temple_firewalk_marked, serial_shops, shop_statue
D:7:      led_sif_book, yredelemnul_forgotten_temple_becter, elyvilon_altar_1,
          okawaru_ov_weapons_minmay, hangedman_ru_absence, grunt_ministairs_12
D:8:      kennysheep_mini_moat, lemuel_coloured_pillars_altar,
          johnstein_pakellas_shop, grunt_pizzeria
D:9:      lemuel_crystal_altar, orc_0_dummy
Temple:   circular_temple_6
Orc:1:    basic_altar, uniq_nergalle, uniq_snorg
Sewer:    sewer_frog_island_01
Ossuary:  ossuary_tomb_1

Skill      XL: |  1  2  3  4  5  6  7  8  9 10 |
---------------+-------------------------------+-----
Dodging        | 2 3 4 5 6 |  6.3
Fire Magic     | 3 4 5 6 |  6.6
Fighting       | 1 2 3 |  3.1
Conjurations   | 2 3 4 6 |  6.4
Armour         | 1 2 |  2.7
Spellcasting   | 3 4 6 |  6.5
Short Blades   | 1 2 3 |  3.7
Stealth        | 2 3 |  3.0
Maces & Flails | |  0.1
Shields        | |  0.6

Action                   |  1- 3 |  4- 6 |  7- 9 | 10-12 || total
-------------------------+-------+-------+-------+-------++-------
Melee: Unarmed           |    14 |       |       |       ||    14
       Club              |     4 |       |       |       ||     4
       Dagger            |    24 |   265 |   442 |    46 ||   777
 Cast: Flame Tongue      |    62 |    55 |   183 |    31 ||   331
       Throw Flame       |       |       |   101 |    17 ||   118
Invok: Lesser Servant of |       |       |       |     1 ||     1
  Use: Scroll            |       |     6 |     5 |       ||    11
       Potion            |       |       |     1 |     2 ||     3
 Stab: Sleeping          |       |     1 |     2 |       ||     3
  Eat: Chunk             |     2 |     9 |    10 |     1 ||    22
       Bread ration      |       |     1 |     3 |       ||     4
